Map: Frozen Temple

Players

Cham

  • Race: Zerg Zerg

MarineLorD - Winner!

  • Race: Terran Terran

Event: 2016 WCS Summer Circuit Championship (DH Montreal)

VOD

Have the link to the VOD?

Description

Time

  • Played on: Aug. 12, 2016, 3:17 p.m.
  • Length: 8:10

All games in this series

Show
View Real Time Build Order
Export as new Build Order

Cham Zerg 

Build Orders: Pool First 

Get SALT Encoding   

  12  0:00  Drone  
  13  0:08  Drone  
  14  0:17  Overlord  
  14  0:35  Drone  
  14  0:36  Drone x2  
  17  0:43  Spawning Pool  
  17  0:48  Drone  
  17  1:07  Extractor  
  17  1:10  Hatchery  
  15  1:12  Drone  
  15  1:15  Drone  
  17  1:21  Drone  
  18  1:30  Queen  
  20  1:34  Zergling x2  
  21  1:41  Overlord  
  21  1:51  Drone  
  22  2:01  Zergling x2  
  22  2:06  Queen  
  25  2:11  Roach Warren  
  24  2:17  Drone  
  24  2:22  Drone  
  26  2:36  Overlord  
  24  2:47  Overlord  
  24  2:51  Roach x4  
  26  2:53  Roach  
  26  2:57  Roach  
  36  3:06  Roach  
  35  3:18  Drone x3  
  38  3:25  Drone  
  39  3:29  Overlord  
  39  3:33  Drone  
  40  3:35  Drone  
  40  3:38  Drone  
  42  3:43  Drone  
  43  3:49  Drone  
  43  3:50  Drone x2  
  43  3:54  Drone  
  47  3:59  Queen  
  47  4:02  Ravager  
  49  4:05  Drone  
  49  4:06  Drone  
  49  4:09  Extractor, Drone  
  51  4:13  Metabolic Boost  
  51  4:15  Drone  
  52  4:17  Drone  
  52  4:21  Overlord  
  55  4:31  Roach  
  55  4:40  Roach  
  55  4:43  Roach  
  55  4:45  Drone  
  59  4:52  Overlord  
  59  4:54  Hatchery  
  59  4:55  Roach  
  59  4:56  Overlord  
  59  4:58  Zergling x2  
  61  5:00  Zergling x2  
  61  5:02  Zergling x2  
  63  5:10  Zergling x2  
  63  5:11  Zergling x4  
  63  5:13  Zergling x6  
  69  5:19  Overlord  
  69  5:24  Zergling x2  
  69  5:27  Overlord  
  70  5:29  Zergling x4  
  70  5:30  Zergling x2  
  70  5:34  Ravager x2  
  70  5:35  Ravager x2  
  77  5:36  Zergling x2  
  77  5:38  Zergling x2  
  79  5:43  Zergling x6  
  79  5:47  Zergling x2  
  84  5:50  Ravager  
  84  5:54  Zergling x2  
  85  5:58  Zergling x2  
  85  6:04  Hatchery  
  64  6:26  Roach x2  
  64  6:28  Roach  
  64  6:32  Roach x3  
  57  6:34  Roach x4  
  65  6:41  Zergling x2  
  65  6:44  Zergling x2  
  66  6:47  Queen  
  66  6:49  Overlord  
  66  6:50  Ravager  
  69  6:55  Roach  
  71  7:04  Roach x2  
  71  7:05  Zergling x4  
  71  7:06  Zergling x4  
  71  7:07  Zergling x2  
  80  7:09  Zergling x2  
  80  7:15  Zergling x2  
  82  7:17  Ravager  
  82  7:21  Zergling x2  
  83  7:24  Zergling x2  
  83  7:29  Ravager, Zergling x2  
  86  7:33  Zergling x2  
  87  7:43  Roach x2, Zergling x2  
  75  7:48  Roach, Zergling x2  
  75  7:52  Zergling x6  
Show
View Real Time Build Order
Export as new Build Order

MarineLorD Terran - Winner!

Build Orders:  

Get SALT Encoding   

  12  0:00  SCV  
  13  0:12  SCV  
  14  0:18  Supply Depot  
  14  0:24  SCV  
  15  0:34  Refinery  
  15  0:40  SCV  
  16  0:44  Barracks  
  16  0:52  SCV  
  17  1:01  Barracks  
  17  1:04  SCV  
  18  1:16  SCV  
  19  1:23  Barracks  
  19  1:31  Reaper  
  20  1:38  Orbital Command  
  20  1:47  Reaper  
  20  1:53  Supply Depot  
  21  1:59  Refinery  
  21  2:03  Reaper  
  22  2:11  Reaper  
  22  2:14  SCV  
  24  2:18  Supply Depot  
  24  2:26  SCV  
  24  2:29  Reaper  
  26  2:38  SCV  
  27  2:45  Reaper  
  27  2:51  Command Center  
  28  2:53  SCV  
  28  2:54  Reaper  
  30  3:04  Reaper  
  30  3:05  SCV  
  32  3:17  Barracks Tech Lab, SCV  
  33  3:29  SCV  
  34  3:36  Command Center  
  34  3:38  Barracks Reactor  
  34  3:40  Barracks Reactor  
  35  3:41  Marine, SCV  
  36  3:49  Stimpack  
  36  3:53  SCV  
  36  4:04  Orbital Command  
  36  4:05  SCV  
  36  4:06  Marauder  
  39  4:16  Marine x4  
  43  4:17  SCV  
  44  4:25  Factory  
  44  4:28  Marine  
  44  4:29  SCV  
  46  4:34  Marine x2  
  46  4:35  Marine  
  50  4:38  SCV  
  50  4:41  SCV  
  51  4:47  Marine x2  
  51  4:51  SCV  
  51  4:52  Orbital Command  
  54  4:54  SCV  
  55  5:03  SCV  
  55  5:06  SCV  
  57  5:11  Factory Reactor, Starport  
  57  5:12  Marine  
  57  5:13  Marine x3  
  61  5:15  SCV, Marauder  
  64  5:21  SCV  
  64  5:22  SCV  
  64  5:24  Supply Depot  
  64  5:27  SCV  
  67  5:30  Marine x2  
  67  5:33  Engineering Bay  
  67  5:34  Engineering Bay  
  69  5:46  Marine x3, SCV x2  
  69  5:48  Supply Depot  
  69  5:49  SCV  
  75  5:50  Supply Depot  
  75  5:51  Marine x2  
  77  6:05  Factory Tech Lab  
  77  6:10  Marine x3, SCV x3  
  83  6:11  Marine x2  
  81  6:22  SCV x3  
  80  6:32  Marine  
  74  6:34  SCV x3  
  74  6:39  Barracks  
  77  6:40  Medivac x2, Siege Tank  
  77  6:41  Barracks Tech Lab, Marine, Barracks  
  85  6:51  Supply Depot  
  85  7:07  Refinery x2  
  85  7:08  Refinery  
  85  7:10  Supply Depot x2  
  85  7:12  Marine, Medivac  
  85  7:13  SCV x3  
  91  7:16  Marine x2  
  93  7:31  Marine x3, SCV x3  
  93  7:36  Marine  
  98  7:40  Marine  
  98  7:43  Marine x2, SCV x3  
  93  7:49  Marine x3  
  95  7:54  Barracks  
  95  7:55  Barracks  
  95  7:56  SCV x3  
Tags
 
Add a new tag
Caveats
  • Supply blocks, unpowered buildings, or Contaminate may cause inaccurate times.
  • Supply counts are checked every 10 seconds.